 Dungeon Crawl Stone Soup version 0.23-a0-629-gae4348f6cf (webtiles) character file.

37 Napalmbreeze the Poker (level 3, -2/28 HPs)
             Began as a Demonspawn Gladiator on Dec 26, 2018.
             Slain by a worker ant (5 damage)
             ... on level 2 of the Dungeon.
             The game lasted 00:01:47 (1189 turns).

Napalmbreeze the Poker (Demonspawn Gladiator)       Turns: 1189, Time: 00:01:48

Health: -2/28      AC:  5    Str: 15    XL:     3   Next: 23%
Magic:  3/3        EV: 12    Int:  9    God:
Gold:   102        SH:  0    Dex: 14    Spells: 2/2 levels left

rFire    . . .     SeeInvis .   a - +0 trident
rCold    . . .     Gourm    .   (no shield)
rNeg     . . .     Faith    .   j - +0 ring mail
rPois    .         Spirit   .   (helmet restricted)
rElec    .         Reflect  .   (no cloak)
rCorr    .         Harm     .   (no gloves)
MR       .....                  (no boots)
Stlth    +.........             (no amulet)
HPRegen  0.09/turn              (no ring)
MPRegen  0.08/turn              (no ring)

@: lethally poisoned (-2 -> -10)
A: antennae 1
a: no special abilities


You were on level 2 of the Dungeon.
You were not hungry.

You visited 1 branch of the dungeon, and saw 2 of its levels.

You collected 102 gold pieces.

Inventory:

Hand Weapons
 a - a +0 trident (weapon)
Missiles
 d - 3 throwing nets (quivered)
Armour
 b - a +0 leather armour
 c - a +0 helmet
 j - a +0 ring mail (worn)
Jewellery
 l - an uncursed ring of resist corrosion {unknown}
Scrolls
 g - a scroll of identify {unknown}
 i - a scroll of remove curse {unknown}
Potions
 h - a potion of flight {unknown}
 m - a potion of haste {unknown}
Comestibles
 f - 3 rations
 k - 5 chunks of flesh


   Skills:
 + Level 2.4 Fighting
 * Level 3.3 Polearms
 - Level 1.7 Throwing
 + Level 3.1 Dodging


You had 2 spell levels left.
You didn't know any spells.
Your spell library was empty.

Dungeon Overview and Level Annotations

Branches:
Dungeon (2/15)

Altars:
Elyvilon


Innate Abilities, Weirdness & Mutations

You have a pair of small antennae on your head.


Message History

The worker ant is heavily wounded.
The worker ant misses you.
Your ring mail prevents you from hitting the worker ant.
The worker ant is heavily wounded.
The worker ant bites you!
You barely miss the worker ant.
The worker ant is heavily wounded.
The worker ant bites you.
You are poisoned.
The worker ant poisons you! The worker ant barely misses you.
You hit the worker ant.
The worker ant is almost dead.
You feel sick. The worker ant bites you.
Your ring mail prevents you from hitting the worker ant.
The worker ant is almost dead.
* * * LOW HITPOINT WARNING * * *
You feel sick. The worker ant bites you.
* * * LOW HITPOINT WARNING * * *
The worker ant bites you.
You die...

#.#####....... ..
######.## #....###.#.#
#.......####...........
.........(((.).........
..####..####.##.####..
.## #.## #.##.# ..# #.#
#.##.## #... .#.
#(##>.# ..#### #
#.###@# .## #.# #a# .#
#.# #g# .# #s# .# #.# #
... #.. ###


You could see a worker ant, a giant cockroach and a goblin.

Vanquished Creatures
  2 dart slugs
  A bat (D:1)
  3 giant cockroaches
  4 goblins
  3 hobgoblins
  10 jackals
  3 kobolds
  2 rats
28 creatures vanquished.

Notes
Turn   | Place    | Note
-------+----------+-------------------------------------------
     0 | D:1      | Napalmbreeze the Demonspawn Gladiator began the quest for
                  | the Orb.
     0 | D:1      | Reached XP level 1. HP: 16/16 MP: 1/1
   134 | D:1      | Gained mutation: You have a pair of small antennae on your
                  | head. [demonic ancestry]
   134 | D:1      | Reached XP level 2. HP: 21/22 MP: 2/2
  1056 | D:2      | Found a white marble altar of Elyvilon.
  1066 | D:2      | Reached XP level 3. HP: 27/28 MP: 3/3
  1189 | D:2      | Slain by a worker ant

Vault maps used:
D:1:      dpeg_arrival_rooms_with_view
D:2:      lemuel_round_altar, elyvilon_altar_3

Skill      XL: |  1  2 |
---------------+-------+-----
Polearms       | 3 |  3.3
Dodging        | 3 |  3.1
Fighting       | |  2.4
Throwing       | |  1.7

Action                   || total
-------------------------++-------
Melee: Trident           ||   129
  Use: Potion            ||     1
 Stab: Sleeping          ||     1
  Eat: Chunk             ||     1
Armor: Leather armour    ||    12
       Ring mail         ||    29
Dodge: Dodged            ||    82

Table legend:
 A = Non-vault XP
 B = Vault XP
 C = Vault XP percentage of total XP
 D = Non-vault monster count
 E = Vault monster count
 F = Vault count percentage of total count
                 A         B        C        D         E       F
            +---------+---------+-------+---------+---------+-------
      Total |      50 |       4 |   7.4 |      26 |       2 |   7.1
            +---------+---------+-------+---------+---------+-------
        D:1 |      25 |       4 |  13.8 |      13 |       2 |  13.3
        D:2 |      25 |       0 |   0.0 |      13 |       0 |   0.0
            +---------+---------+-------+---------+---------+-------
